 Dungeon Crawl Stone Soup version 0.17-a0-1997-ga88ed7d (webtiles) character file.

124 Ordine the Skirmisher (level 5, -5/38 HPs)
             Began as an Octopode Fighter on Oct 8, 2015.
             Killed by nerve-wracking pain
             ... invoked by a shadow imp
             ... summoned by Natasha
              (14 damage)
             ... on level 3 of the Dungeon.
             The game lasted 00:04:11 (2156 turns).

Ordine the Skirmisher (Octopode Fighter)            Turns: 2156, Time: 00:04:12

Health: -5/38      AC:  1    Str: 16    XL:     5   Next: 8%
Magic:  5/5        EV: 10    Int: 10    God:
Gold:   52         SH:  8    Dex: 12    Spells: 0 memorised, 4 levels left

rFire  . . .     SeeInvis .     a - +0 long sword
rCold  . . .     Clarity  .     b - +0 shield
rNeg   . . .     SustAt   .     (helmet restricted)
rPois  .         Gourm    .     (no amulet)
rElec  .         Spirit   .     (no ring)
rCorr  .         Warding  .     (no ring)
rMut   .         Stasis   .     (no ring)
MR     .....                    (no ring)
Stlth  ++........               (no ring)
                                (no ring)
                                (no ring)
                                (no ring)

@: not resistant to hostile enchantments, unstealthy
A: almost no armour, amphibious, 8 rings, constrict 8, camouflage 1, gelatinous
body 1
a: no special abilities


You were on level 3 of the Dungeon.
You were not hungry.

You visited 1 branch of the dungeon, and saw 3 of its levels.

You collected 52 gold pieces.

Inventory:

Hand Weapons
 a - a +0 long sword (weapon)
Missiles
 e - 129 stones (quivered)
Armour
 b - a +0 shield (worn)
Wands
 k - a wand of enslavement (11)
Scrolls
 g - 3 scrolls of identify {unknown}
 l - a scroll of teleportation {unknown}
 n - a scroll of enchant armour {unknown}
 p - a scroll of remove curse {unknown}
 s - a scroll of fog {unknown}
Potions
 c - a potion of might
 f - 2 potions of lignification {unknown}
 h - a potion of invisibility {unknown}
 i - a potion of degeneration {unknown}
 q - a potion of poison {unknown}
Comestibles
 d - 3 bread rations
 j - a slice of pizza
 m - a beef jerky
 o - 2 meat rations


   Skills:
 + Level 4.4 Fighting
 + Level 3.8 Long Blades
 - Level 3.0 Dodging
 - Level 3.0 Shields


You had 4 spell levels left.
You didn't know any spells.

Dungeon Overview and Level Annotations

Branches:
Dungeon (3/15)

Altars:
Ashenzari
Elyvilon
Ru

Annotations:
D:3 Natasha


Innate Abilities, Weirdness & Mutations

You cannot wear most types of armour.
You are amphibious.
You can wear up to eight rings at the same time.
You can use your tentacles to constrict eight enemies at once.
Your skin changes colour to match your surroundings (Stealth).
Your rubbery body absorbs attacks (AC +1).


Message History

The jackal splashes around in the water.
You slash the jackal!
You kill the jackal!
Natasha casts a spell.
Natasha stares at you and mumbles some strange words.
The magic dart hits you!
The crimson imp blinks!
The shadow imp grins evilly.
The shadow imp shouts, "Quit, thou puny dread-bolted flax-wench!"
The shadow imp shouts, "Embrace thy fall, thou artless swag-bellied varlet!"
Natasha stares at you and mumbles some strange words.
The magic dart hits you!
* * * LOW HITPOINT WARNING * * *
Natasha wildly gestures.
Natasha shimmers violently.
Natasha stares at you and mumbles some strange words.
You resist with some effort. The shadow imp gestures at you.
Pain shoots through your body!
You die...

.....≈≈≈≈≈≈≈≈≈≈≈≈≈≈≈≈≈≈≈
....≈≈≈≈≈≈≈≈≈≈≈≈†≈≈≈≈≈≈
.....P..5........).....
...##...h.......#######
+....#######.#
###..#####.#.#
#5.......#.#
#.#.............
#@#.######.#.##.
#######.#.. ..#
....[...###### #
...........>.#
.......#####.#
.......#####.#
.......#.....#
##############.##.....##
...............##......##


You could see Natasha and 2 shadow imps.

Vanquished Creatures
  Jessica (D:2)
  A gnoll (D:3)
  3 adders
  2 worms (D:2)
  3 giant geckos (D:1)
  4 bats
  8 goblins
  6 hobgoblins
  8 jackals
  A ball python (D:1)
  3 giant newts
  7 kobolds
  6 rats
53 creatures vanquished.

Notes
Turn   | Place    | Note
--------------------------------------------------------------
     0 | D:1      | Ordine the Octopode Fighter began the quest for the Orb.
     0 | D:1      | Reached XP level 1. HP: 16/16 MP: 1/1
    37 | D:1      | Reached XP level 2. HP: 17/21 MP: 2/2
   492 | D:1      | Reached XP level 3. HP: 22/26 MP: 3/3
   851 | D:2      | Noticed Jessica
   860 | D:2      | Killed Jessica
   860 | D:2      | Reached skill level 4 in Fighting
   860 | D:2      | Reached XP level 4. HP: 29/33 MP: 4/4
  1605 | D:2      | Found a shattered altar of Ashenzari.
  1608 | D:2      | Found a white marble altar of Elyvilon.
  1611 | D:2      | Found a sacrificial altar of Ru.
  2102 | D:3      | Noticed Natasha
  2139 | D:3      | Reached XP level 5. HP: 24/38 MP: 5/5
  2156 | D:3      | Killed from afar by a shadow imp

Vault maps used:
D:1:      saegor_arrival_simple_d
D:2:      grunt_temple_overflow_diamond, first_bread, st_stairs_4,
          grunt_ministairs_2, minivault_24, minmay_misc_feat_square,
          uniq_jessica
D:3:      lemuel_castle_with_subvaults, kennysheep_another_room, uniq_robin,
          uniq_natasha

Action                   |  1- 3 |  4- 6 || total
-------------------------+-------+-------++-------
Melee: Long sword        |    54 |    50 ||   104
 Stab: Sleeping          |     7 |     5 ||    12
  Eat: Chunk             |       |     4 ||     4
